 Dungeon Crawl Stone Soup version 0.26-a0-631-ged93497179 (webtiles) character file.

Game seed: 1995200689043456830

48430 drasked the Brawler (level 14, 0/144 HPs)
             Began as a Troll Monk on Sept 12, 2020.
             Was the Champion of Qazlal.
             Slain by a black mamba (9 damage)
             ... on level 6 of the Lair of Beasts.
             The game lasted 00:35:00 (19860 turns).

drasked the Brawler (Troll Monk)                   Turns: 19860, Time: 00:35:01

Health: 0/144      AC: 14    Str: 31    XL:     14   Next: 12%
Magic:  13/13      EV: 17    Int:  3    God:    Qazlal [******]
Gold:   1456       SH:  8    Dex: 16    Spells: 13/13 levels left

rFire    . . .     SeeInvis +     - Unarmed
rCold    . . .     Faith    .   (no shield)
rNeg     + . .     Spirit   .   H - +1 steam dragon scales
rPois    .         Reflect  .   (helmet restricted)
rElec    +         Harm     .   q - +0 cloak
rCorr    .         Rampage  .   (gloves unavailable)
MR       +....                  (boots unavailable)
Stlth    +.........             e - amulet of regeneration
HPRegen  1.14/turn              M - ring "Zotuopto" {+Blink rElec Str+9 Int-3 SInv}
MPRegen  0.13/turn              E - ring of positive energy

@: lethally poisoned (0 -> -13), protected from physical damage, slowed, repel
missiles, very slow
A: large, unfitting armour, claws 3, regeneration 1, shaggy fur 1, tough skin 3
a: Upheaval, Elemental Force, Disaster Area, Renounce Religion, Evoke Blink


You were on level 6 of the Lair of Beasts.
You worshipped Qazlal.
Qazlal was exalted by your worship.
You visited 3 branches of the dungeon, and saw 19 of its levels.
You also visited: Ice Cave.

You collected 1654 gold pieces.
You spent 198 gold pieces at shops.

Inventory:

Missiles
 C - 3 throwing nets {!f}
 L - 5 large rocks (quivered)
Armour
 q - a +0 cloak (worn)
   (You took it off Crazy Yiuf on level 3 of the Dungeon)
 H - +1 steam dragon scales (worn)
   (You found it on level 8 of the Dungeon)
Jewellery
 e - an amulet of regeneration (around neck)
   (You found it on level 3 of the Lair of Beasts)
 E - a ring of positive energy (right claw)
   (You found it on level 9 of the Dungeon)
 M - the ring "Zotuopto" (left claw) {+Blink rElec Str+9 Int-3 SInv}
   (You found it in an ice cave)

   [ring of see invisible]

   It affects your strength (+9).
   It affects your intelligence (-3).
   It insulates you from electricity.
   It lets you see invisible.
   It lets you blink.
Wands
 c - a wand of disintegration (15)
   (You took it off Ijyb on level 5 of the Dungeon)
 d - a wand of iceblast (16)
   (You found it on level 7 of the Dungeon)
 r - a wand of enslavement (20)
   (You found it on level 4 of the Dungeon)
 t - a wand of flame (16)
   (You found it in an ice cave)
 u - a wand of paralysis (16)
   (You found it on level 9 of the Dungeon)
 v - a wand of digging (7)
   (You bought it in a shop on level 6 of the Dungeon)
 x - a wand of acid (22)
   (You found it on level 9 of the Dungeon)
 A - a wand of polymorph (10)
   (You took it off Eustachio on level 5 of the Dungeon)
Scrolls
 a - a scroll of enchant weapon
 k - 6 scrolls of enchant armour
 o - 5 scrolls of magic mapping
 s - 13 scrolls of remove curse {@r2}
 w - 3 scrolls of amnesia
 y - 16 scrolls of teleportation {@r4}
 z - 5 scrolls of immolation {!r}
 F - a scroll of fog
 I - 3 scrolls of identify {@r1}
 J - a scroll of holy word
 K - 2 scrolls of summoning
Potions
 b - 3 potions of haste {@q3}
 f - 3 potions of invisibility
 g - 7 potions of lignification {!q}
 h - 3 potions of flight
 i - 7 potions of curing {@q1}
 l - a potion of brilliance
 m - 2 potions of berserk rage
 n - 3 potions of heal wounds {@q2}
 p - a potion of ambrosia
 B - a potion of mutation {!q}
 D - 4 potions of might
 G - a potion of cancellation
 N - a potion of resistance


   Skills:
 + Level 10.8 Fighting
 + Level 10.9 Dodging
 - Level 1.0 Stealth
 * Level 16.9 Unarmed Combat


You had 13 spell levels left.
You didn't know any spells.
Your spell library contained the following spells:

 Spells                   Type           Power        Failure   Level
 Animate Skeleton         Necr           #.....       52%         1
 Apportation              Tloc           #.....       52%         1
 Corona                   Hex            #......      52%         1
 Pain                     Necr           #...         52%         1
 Summon Small Mammal      Summ           #...         52%         1
 Poisonous Vapours        Pois/Air       #.....       67%         2
 Conjure Flame            Conj/Fire      #.......     88%         3
 Mephitic Cloud           Conj/Pois/Air  #.......     88%         3
 Vampiric Draining        Necr           #.........   88%         3
 Animate Dead             Necr           #.........   99%         4
 Ice Form                 Ice/Tmut       #.......     99%         4
 Agony                    Necr           #.......     100%        5
 Metabolic Englaciation   Hex/Ice        #.........   100%        5
 Freezing Cloud           Conj/Ice/Air   #.........   100%        6
 Ozocubu's Refrigeration  Ice            #.........   100%        6
 Simulacrum               Ice/Necr       #.........   100%        6


Dungeon Overview and Level Annotations

Branches:
Dungeon (12/15)            Temple (1/1) D:4            Lair (6/6) D:9
 Shoals (0/4) Lair:4       Spider (0/4) Lair:4        Slime (0/5) Lair:5
    Orc (0/2) D:10          IceCv (visited)

Altars:
Ashenzari
Cheibriados
Dithmenos
Elyvilon
Fedhas
Gozag
Hepliaklqana
Kikubaaqudgha
Makhleb
Nemelex Xobeh
Okawaru
Qazlal
Ru
Sif Muna
Trog
Uskayaw
Vehumet
Wu Jian
Xom
Yredelemnul
Zin
The Shining One
Beogh

Shops:
D:6 }   D:7 *

Annotations:
Lair:6 2 runed translucent doors, Koguhiumm's ghost, journeyman HOMo


Innate Abilities, Weirdness & Mutations

You are too large for most types of armour.
You have claws for hands.
Your natural rate of healing is unusually fast.
You are covered in fur. (AC +1)
You have extremely tough skin. (AC +3)


Message History

You feel extremely sick.
The black mamba hisses angrily.
The seven-headed hydra roars!
You hear an angry hiss.
A cane toad comes into view.
You block the black mamba's attack.
You feel better.
The cane toad gives a loud, deep croak!
You hear a croak.
The black mamba bites you but does no damage.
You block the black mamba's attack.
The seven-headed hydra is engulfed in blazing flames.
You hear a trumpeting!
The black mamba is engulfed in blazing flames.
The black mamba is engulfed in freezing vapours.
The black mamba bites you but does no damage.
A cane toad comes into view.
The cane toad stings you but does no damage.
You block the black mamba's attack.
The yak is engulfed in blazing flames.
The cane toad barely misses you.
You see here a yak corpse.
The cane toad gives a loud, deep croak!
You hear an angry hiss.
The black mamba is engulfed in blazing flames.
The black mamba misses you.
The seven-headed hydra is engulfed in freezing vapours.
The seven-headed hydra seems to slow down.
A water moccasin comes into view.
The black mamba bites you.
* * * LOW HITPOINT WARNING * * *
You are poisoned.
The black mamba poisons you!
The black mamba is engulfed in blazing flames.
The black mamba misses you. The black mamba bites you.
* * * LOW HITPOINT WARNING * * *
The cane toad is engulfed in freezing vapours.
The cane toad seems to slow down.
There is a stone staircase leading up, spattered with blood here.
You see here a yak corpse.
You feel very sick.
The black mamba bites you but does no damage.
The black mamba is engulfed in blazing flames.
The black mamba bites you.
* * * LOW HITPOINT WARNING * * *
You are lethally poisoned!
The black mamba poisons you! The black mamba misses you.
The black mamba bites you but does no damage.
The black mamba is engulfed in blazing flames.
You block the black mamba's attack. The black mamba barely misses you.
The black mamba is engulfed in blazing flames.
The black mamba bites you but does no damage.
The black mamba bites you!
You die...

#.................#
#.................##
#....†.............##.
#....$................
#.........†YY.........
#.#.......Ywt........P.
# #........YSY.....#...
####++####SSF°...#
#.≈≈W.≈≈##@DS..S....
##.≈#.⌠..#F.°..#.....
#≈....#≈#..#.....≈≈≈
#.#(.(.≈##.....P..≈≈#
###$#.####........≈##
##### #......#.≈
.........≈ ........


You could see a seven-headed hydra (slow), a torpor snail, 3 black mambas, 5
yaks, 2 cane toads, 2 water moccasins and a crocodile.

Vanquished Creatures
  A frost giant (IceCv)
  2 centaur warriors
  3 hydras
  3 two-headed ogres (D:11)
  8 death yaks
  An unseen horror (D:11)
  Pikel (D:5)
  A cyclops (D:12)
  2 manticores (D:11)
  An ice statue (IceCv)
  14 elephants
  2 centaur zombies (D:10)
  3 black mambas
  10 cane toads
  A rime drake (Lair:3)
  A komodo dragon (Lair:3)
  3 centaur skeletons
  15 polar bears
  4 trolls
  Grinder (D:3)
  2 slime creatures (Lair:5)
  3 blink frogs
  5 hippogriffs
  Sigmund (D:2)
  A vampire (D:12)
  A tarantella (Lair:4)
  5 wyverns
  37 yaks
  Eustachio (D:5)
  A basilisk (Lair:2)
  A steam dragon (D:8)
  Edmund (D:5)
  8 water moccasins
  Duvessa (D:5)
  6 porcupines
  A black bear (D:9)
  A hornet zombie (D:10)
  11 orc warriors
  7 ice beasts
  3 eyes of draining
  2 phantoms
  2 sky beasts
  8 ogres
  20 wolves
  8 centaurs
  11 crocodiles
  10 bullfrogs
  2 big kobolds
  A gnoll sergeant (D:7)
  A wyvern zombie (D:8)
  Dowan (D:5)
  2 scorpions
  5 wights (D:9)
  A killer bee (D:9)
  3 howler monkeys
  A bullfrog zombie (D:9)
  10 hounds
  Crazy Yiuf (D:3)
  2 bullfrog skeletons
  6 jellies
  15 orc priests
  14 orc wizards
  Ijyb (D:5)
  Terence (D:2)
  6 iguanas
  11 worker ants
  A statue (D:8)
  A hound zombie (D:7)
  2 worker ant zombies
  13 gnolls
  A howler monkey skeleton (D:5)
  8 adders
  2 shadow imps
  2 white imps
  4 ufetubi
  2 oozes
  An adder zombie (D:6)
  An adder skeleton (D:9)
  3 worms
  3 dart slugs
  6 leopard geckos
  90 orcs
  A giant cockroach (D:8)
  6 goblins
  5 hobgoblins
  16 jackals
  9 quokkas
  4 ball pythons
  3 bats
  4 frilled lizards
  A jackal zombie (D:8)
  19 kobolds
  A leopard gecko zombie (D:8)
  A quokka skeleton (D:8)
  4 rats
533 creatures vanquished.

Vanquished Creatures (others)
  3 yaks (IceCv)
  A wolf (IceCv)
  17 fungi
  26 plants
  4 toadstools (D:1)
51 creatures vanquished.

Grand Total: 584 creatures vanquished

Notes
Turn   | Place    | Note
-------+----------+-------------------------------------------
     0 | D:1      | drasked the Troll Monk began the quest for the Orb.
     0 | D:1      | Reached XP level 1. HP: 22/22 MP: 0/0
   134 | D:1      | Reached XP level 2. HP: 24/29 MP: 1/1
   566 | D:1      | Reached XP level 3. HP: 36/36 MP: 2/2
   760 | D:2      | Found a blossoming altar of Fedhas.
   760 | D:2      | Noticed Sigmund
   774 | D:2      | Killed Sigmund
   774 | D:2      | Reached skill level 4 in Unarmed Combat
   774 | D:2      | Reached XP level 4. HP: 38/45 MP: 3/3
   774 | D:2      | Reached XP level 5. HP: 45/53 MP: 4/4
   917 | D:2      | Noticed Terence
   947 | D:2      | Killed Terence
   947 | D:2      | Reached skill level 5 in Unarmed Combat
  1237 | D:3      | Noticed Grinder
  1252 | D:3      | Paralysed by Grinder for 3 turns
  1267 | D:3      | Killed Grinder
  1267 | D:3      | Reached XP level 6. HP: 10/62 MP: 5/5
  1428 | D:3      | Found a snail-covered altar of Cheibriados.
  1531 | D:3      | Found a runed translucent door.
  1532 | D:3      | Noticed Crazy Yiuf
  1699 | D:3      | Reached skill level 6 in Unarmed Combat
  1752 | D:3      | Reached XP level 7. HP: 68/68 MP: 6/6
  2080 | D:3      | Killed Crazy Yiuf
  2221 | D:4      | Found a staircase to the Ecumenical Temple.
  2259 | Temple   | Entered the Ecumenical Temple
  2545 | D:4      | Found a stormy altar of Qazlal.
  2596 | D:4      | Became a worshipper of Qazlal Stormbringer
  2596 | D:4      | Reached * piety under Qazlal
  2596 | D:4      | Reached ** piety under Qazlal
  2615 | D:4      | Reached skill level 7 in Unarmed Combat
  2700 | D:4      | Found a white marble altar of Elyvilon.
  2762 | D:4      | Found an opulent altar of Gozag.
  2823 | D:4      | Found an iron altar of Okawaru.
  3049 | D:5      | Entered Level 5 of the Dungeon
  3060 | D:5      | Noticed Eustachio
  3106 | D:5      | Noticed Ijyb
  3111 | D:4      | Reached XP level 8. HP: 76/79 MP: 7/7
  3622 | D:5      | Noticed Dowan
  3630 | D:5      | Killed Dowan
  3858 | D:5      | Killed Ijyb
  3919 | D:5      | Reached skill level 8 in Unarmed Combat
  4267 | D:5      | Noticed Pikel
  4274 | D:5      | Killed Pikel
  4274 | D:5      | Reached skill level 5 in Fighting
  4274 | D:5      | Reached skill level 5 in Dodging
  4397 | D:5      | Killed Eustachio
  4397 | D:5      | Reached XP level 9. HP: 88/88 MP: 8/8
  4908 | D:5      | Noticed Duvessa
  4941 | D:5      | Killed Duvessa
  4941 | D:5      | Reached skill level 9 in Unarmed Combat
  5036 | D:5      | Reached *** piety under Qazlal
  5547 | D:5      | Noticed Edmund
  5557 | D:5      | Killed Edmund
  6093 | D:6      | Found Giecui Qisk's Gadget Emporium.
  6101 | D:6      | Bought a wand of digging (5) for 198 gold pieces
  6814 | D:7      | Found Kefuky's General Store.
  6863 | D:7      | Reached skill level 10 in Unarmed Combat
  7100 | D:7      | Found a shadowy altar of Dithmenos.
  7283 | D:7      | Reached **** piety under Qazlal
  7673 | D:7      | Found a sacrificial altar of Ru.
  7891 | D:8      | Reached XP level 10. HP: 100/100 MP: 9/9
  7948 | D:8      | Reached ***** piety under Qazlal
  8014 | D:8      | Reached skill level 11 in Unarmed Combat
  9240 | D:8      | Found a radiant altar of Vehumet.
 10219 | D:9      | Found a hazy altar of Hepliaklqana.
 10384 | D:9      | Noticed a centaur warrior
 10399 | D:9      | Killed a centaur warrior
 10399 | D:9      | Reached skill level 12 in Unarmed Combat
 10598 | D:9      | Found a shimmering blue altar of Sif Muna.
 10649 | D:9      | Reached XP level 11. HP: 104/109 MP: 10/10
 10739 | D:9      | Found a staircase to the Lair.
 10809 | D:9      | Found an ornate altar of the Wu Jian Council.
 10810 | D:9      | Found a basalt altar of Yredelemnul.
 10841 | D:10     | Entered Level 10 of the Dungeon
 12085 | D:10     | Found a roughly hewn altar of Beogh.
 12085 | D:10     | Found a staircase to the Orcish Mines.
 12654 | D:11     | Noticed a two-headed ogre
 12659 | D:11     | Killed a two-headed ogre
 12659 | D:11     | Reached skill level 13 in Unarmed Combat
 12660 | D:11     | Noticed a two-headed ogre
 12667 | D:11     | Killed a two-headed ogre
 12760 | D:11     | Noticed a two-headed ogre
 12765 | D:11     | Killed a two-headed ogre
 12895 | D:11     | Reached ****** piety under Qazlal
 13028 | D:11     | Killed an unseen horror
 13255 | D:11     | Noticed a centaur warrior
 13268 | D:11     | Killed a centaur warrior
 13268 | D:11     | Reached XP level 12. HP: 90/122 MP: 11/11
 13774 | D:12     | Reached skill level 14 in Unarmed Combat
 13955 | Lair:1   | Entered Level 1 of the Lair of Beasts
 15437 | Lair:3   | Noticed a death yak
 15438 | Lair:3   | Noticed a death yak
 15440 | Lair:3   | Noticed a death yak
 15459 | Lair:3   | Killed a death yak
 15470 | Lair:3   | Killed a death yak
 15472 | Lair:3   | Killed a death yak
 15499 | Lair:3   | Found a frozen archway.
 15506 | IceCv    | Entered an ice cave
 15662 | IceCv    | Noticed a death yak
 15669 | IceCv    | Killed a death yak
 15669 | IceCv    | Reached skill level 15 in Unarmed Combat
 15818 | IceCv    | Reached XP level 13. HP: 126/132 MP: 12/12
 15956 | IceCv    | Noticed a frost giant
 15972 | IceCv    | Killed a frost giant
 15972 | IceCv    | Reached skill level 10 in Dodging
 16029 | IceCv    | Got a translucent brass ring
 16454 | Lair:3   | Identified the ring "Zotuopto" {+Blink rElec Str+9 Int-3
                  | SInv} (You found it in an ice cave)
 16534 | Lair:3   | Reached skill level 10 in Fighting
 17086 | Lair:4   | Found a hole to the Spider Nest.
 17124 | Lair:4   | Reached skill level 16 in Unarmed Combat
 17624 | Lair:4   | Found a staircase to the Shoals.
 18737 | Lair:5   | Found a staircase to the Slime Pits.
 18901 | Lair:5   | Reached XP level 14. HP: 73/144 MP: 13/13
 19818 | Lair:6   | Entered Level 6 of the Lair of Beasts
 19820 | Lair:6   | Found a large runed translucent door.
 19820 | Lair:6   | Found a large runed translucent door.
 19821 | Lair:6   | Noticed Koguhiumm's ghost (journeyman HOMo)
 19855 | Lair:6   | HP: 7/144 [poisoned by a black mamba]
 19860 | Lair:6   | Slain by a black mamba

Illustrated notes

Levels and vault maps discovered:
D:1:      ldierk_walled_garden_2, layout_loops_ring, due_unseen_surprise
D:2:      layout_basic, nicolae_overflow_crystal_walls, uniq_sigmund,
          uniq_terence
D:3:      layout_loops_ring, kennysheep_slug_shrine, uniq_crazy_yiuf_cottage,
          uniq_grinder
D:4:      layout_loops_cross, okawaru_altar_gauntlet_db, kennysheep_mini_moat,
          lemuel_doored_altar, lemuel_crystal_altar, minmay_temple_entry_trees
D:5:      layout_cave_pools, uniq_edmund, uniq_ijyb, uniq_eustachio,
          uniq_duvessa, uniq_pikel
D:6:      layout_cave_pools, serial_shops,
          nicolae_shop_temple_entry_statues_fountains,
          chequers_serial_rivers_small_a
D:7:      layout_loops_corners, lemuel_crystal_altar,
          lemuel_coloured_pillars_altar, serial_shops,
          nicolae_shop_competitors_out_of_business, kennysheep_generic_room_6
D:8:      layout_rooms, vehumet_statue, minmay_fractal_squares_diagonal_5
D:9:      minmay_chambers_of_sixes, layout_irregular_city, old_standard_altar,
          minitemple, led_sif_pool, grunt_lair_entry_orc_guard_hut
D:10:     layout_roguey, david_orc_5, serial_glass, glass_columns_c,
          glass_columns_a
D:11:     minmay_goldmine, layout_loops_ring
D:12:     layout_roguey
Temple:   jpeg_temple_island
Lair:1:   beast_lair_carwin_large_3, layout_loops_ring
Lair:2:   layout_chaotic_city, chequers_serial_rivers_room_a, grunt_megastairs_4
Lair:3:   layout_big_grid, portal_ice_cave_entry_pillars_1, st_stairs_10
Lair:4:   layout_long_grid, shoals_dummy_entry, spider_nest_entry_rubble,
          grunt_megastairs_5, lemuel_fruit_tree
Lair:5:   layout_layer_cave, minmay_slime_entry_pillars
Lair:6:   hangedman_lair_tendril_chambers, layout_gridlike,
          ebering_ghost_disaster_area, grunt_megastairs_2

Skill      XL: |  1  2  3  4  5  6  7  8  9 10 11 12 13 |
---------------+----------------------------------------+-----
Fighting       | 3 4 5 6 7 8 9 10 | 10.8
Dodging        | 3 4 5 6 7 8 9 10 | 10.9
Unarmed Combat | 4 5 6 7 8 10 12 13 15 16 | 16.9
Stealth        | |  1.0

Action                   |  1- 3 |  4- 6 |  7- 9 | 10-12 | 13-15 || total
-------------------------+-------+-------+-------+-------+-------++-------
Melee: Unarmed           |    73 |    88 |   377 |   697 |   267 ||  1502
       Punch             |       |     3 |    16 |    44 |    45 ||   108
Throw: Large rock        |       |       |       |       |     3 ||     3
Evoke: Wand              |       |       |     1 |       |       ||     1
  Use: Scroll            |       |       |    11 |    11 |     7 ||    29
       Potion            |       |       |       |       |     2 ||     2
 Stab: Sleeping          |     4 |     3 |       |       |       ||     7
Armor: Robe              |    27 |    11 |    69 |     7 |       ||   114
       Steam dragon scal |       |       |       |   144 |    85 ||   229
Dodge: Dodged            |    43 |    31 |   157 |   362 |   180 ||   773
       Repelled          |       |       |     1 |     2 |     1 ||     4
Block: Other             |       |       |    41 |   179 |   101 ||   321

Table legend: (Time is in decaauts)
 A = Elapsed time spent in this place.
 B = Non-inter-level travel time spent in this place.
 C = Inter-level travel time spent in this place.
 D = Time resting spent in this place.
 E = Time spent auto-exploring this place.
 F = Levels seen in this place.
 G = Mean time per level.
                   A        B        C        D        E       F      G
               +--------+--------+--------+--------+--------+-----+--------+
         Total |  19633 |  18902 |    731 |   6423 |   8986 |  20 |  981.7 |
       Dungeon |  13548 |  12947 |    601 |   5054 |   5494 |  12 | 1129.0 |
        Temple |    278 |    256 |     22 |     21 |    233 |   1 |  278.0 |
          Lair |   4885 |   4778 |    107 |   1215 |   2814 |   6 |  814.2 |
      Ice Cave |    920 |    920 |      0 |    133 |    444 |   1 |  920.0 |
               +--------+--------+--------+--------+--------+-----+--------+

Top non-repeatable levels by time:
     D:5: 2525 daAuts
  Lair:5: 1953 daAuts
    D:10: 1673 daAuts
     D:8: 1562 daAuts
     D:9: 1529 daAuts
     D:7: 1163 daAuts
    D:11: 1135 daAuts
     D:3: 1040 daAuts
   IceCv: 920 daAuts
  Lair:4: 796 daAuts
     D:4: 744 daAuts
  Lair:2: 739 daAuts
     D:1: 724 daAuts
  Lair:3: 719 daAuts
     D:6: 642 daAuts
